Winnipeg Jets vs Vancouver Canucks
Created - Tuesday, April 8, 2025 at 09:06
Goals
|
| Winnipeg Jets |
2 |
1 |
0 |
3 |
| Vancouver Canucks |
0 |
2 |
0 |
2 |
|
Shots
|
| Winnipeg Jets |
8 |
10 |
9 |
27 |
| Vancouver Canucks |
15 |
12 |
8 |
35 |
|
1st period
1. Winnipeg Jets , Connor Bedard 20 (Mason Appleton 20, Olli Maatta 15) at 7:03 (PP)
2. Winnipeg Jets , Adam Lowry 13 (Barclay Goodrow 7, Jason Zucker 13) at 12:42
Penalties :
Robby Fabbri (VAN) for Tripping (Minor) at 5:35, Mikko Rantanen (VAN) for Delaying the game (Minor) at 14:52
2nd period
3. Vancouver Canucks , Connor Zary 16 (Miro Heiskanen 11, Anton Lundell 14) at 5:17
4. Vancouver Canucks , Aku Raty 4 (Noah Hanifin 15) at 6:45
5. Winnipeg Jets , Joel Armia 14 (Connor Bedard 31, Dylan Samberg 11) at 10:03
Penalties :
Aku Raty (VAN) for Holding Stick (Minor) at 1:43, Clayton Keller (VAN) for Delaying the game (Minor) at 15:55
3rd period
No Goal
Penalties :
Mikko Rantanen (VAN) for Interference (Minor) at 19:48
Goalie Stats
Ukko-Pekka Luukkonen (WPG), 33 saves from 35 shots - (0.943), W, 12-7-2, 60:00 minutes
Justus Annunen (VAN), 24 saves from 27 shots - (0.889), L, 3-6-0, 59:21 minutes
Players Stats for Winnipeg Jets
Player Name G A P +/- PIM S H SB GA TA FO MP PP MP PK MP
------------------------------------------------------------------------------------
Adam Lowry 1 0 1 0 0 4 0 0 0 0 7/13 13:20 0:00 0:00
Alexis Lafreniere 0 0 0 0 0 3 2 2 0 0 1/1 19:22 4:25 0:00
Andre Burakovsky 0 0 0 0 0 0 1 0 1 0 0/0 8:22 0:00 0:00
Barclay Goodrow 0 1 1 0 0 3 2 0 0 1 0/0 12:15 0:00 0:00
Connor Bedard 1 1 2 0 0 3 4 0 0 1 7/19 19:41 3:11 0:00
Connor McDavid 0 0 0 0 0 3 2 0 3 0 14/16 19:25 4:25 0:00
Dylan Samberg 0 1 1 1 0 0 2 0 0 1 0/0 20:50 3:17 0:00
Haydn Fleury 0 0 0 -1 0 1 0 1 0 0 0/0 16:41 0:00 0:00
Jason Zucker 0 1 1 0 0 1 0 0 2 0 1/2 12:19 0:00 0:00
Joel Armia 1 0 1 0 0 2 3 1 0 1 1/2 19:30 3:11 0:00
Mason Appleton 0 1 1 0 0 2 0 0 0 0 0/3 19:36 3:11 0:00
Michael Kesselring 0 0 0 -1 0 0 0 0 0 1 0/0 16:41 0:00 0:00
Nate Schmidt 0 0 0 0 0 0 1 3 0 0 0/0 22:29 4:19 0:00
Oliver Ekman-Larsson 0 0 0 0 0 2 1 1 1 1 0/0 22:29 4:19 0:00
Olli Maatta 0 1 1 1 0 3 0 0 0 1 0/0 20:50 3:17 0:00
Ridly Greig 0 0 0 0 0 0 3 0 1 0 2/4 7:22 0:00 0:00
Taylor Hall 0 0 0 0 0 0 0 0 0 0 0/0 9:34 0:00 0:00
Vladislav Namestnikov 0 0 0 0 0 0 1 0 0 0 0/1 19:14 4:25 0:00
Players Stats for Vancouver Canucks
Player Name G A P +/- PIM S H SB GA TA FO MP PP MP PK MP
------------------------------------------------------------------------------------
Aku Raty 1 0 1 0 2 2 0 0 0 0 6/22 18:03 0:00 0:00
Anton Lundell 0 1 1 0 0 2 1 0 2 0 2/3 9:09 0:00 0:00
Artturi Lehkonen 0 0 0 1 0 3 1 0 1 0 1/2 19:34 0:00 3:57
Brett Leason 0 0 0 0 0 0 0 0 0 1 1/1 11:44 0:00 3:32
Casey Mittelstadt 0 0 0 -1 0 6 1 1 0 0 3/9 12:36 0:00 1:20
Chad Ruhwedel 0 0 0 -1 0 1 1 1 0 1 0/0 17:42 0:00 3:38
Clayton Keller 0 0 0 0 2 3 0 0 1 0 0/2 17:44 0:00 0:00
Connor Zary 1 0 1 1 0 6 1 0 1 0 0/1 15:25 0:00 0:00
Emil Martinsen Lilleberg 0 0 0 -1 0 0 3 0 0 0 0/0 15:52 0:00 0:00
Jacob Bernard-Docker 0 0 0 -1 0 0 0 0 0 0 0/0 13:56 0:00 0:00
Jesperi Kotkaniemi 0 0 0 1 0 1 1 0 1 1 8/12 15:22 0:00 0:00
Matias Maccelli 0 0 0 0 0 1 0 0 0 0 0/0 7:06 0:00 0:00
Mikko Rantanen 0 0 0 0 4 3 1 0 0 0 7/8 21:05 0:00 2:31
Miro Heiskanen 0 1 1 2 0 2 3 2 1 1 0/0 25:14 0:00 3:38
Noah Hanifin 0 1 1 2 0 3 0 1 0 1 0/0 25:42 0:00 3:58
Robby Fabbri 0 0 0 -1 2 2 1 0 0 1 0/0 9:39 0:00 0:00
Ryan McDonagh 0 0 0 -1 0 0 0 4 0 1 0/0 21:34 0:00 3:58
Ty Dellandrea 0 0 0 -1 0 0 0 0 0 1 0/1 14:52 0:00 3:52
3 Stars
1 - Connor Bedard (WPG)
2 - Ukko-Pekka Luukkonen (WPG)
3 - Joel Armia (WPG)
Power Play
Winnipeg Jets - 1 on 5 Attempt(s) - 20.00%
Vancouver Canucks - 0 on 0 Attempt(s) - 0.00%
Penalty Kill
Winnipeg Jets - 0 on 0 Attempt(s) - 0.00%
- Score 0 goal in Penalty Kill
Vancouver Canucks - 4 on 5 Attempt(s) - 80.00%
- Score 0 goal in Penalty Kill
Team Stat
Winnipeg Jets - Hits : 22 - Faceoff Wins : 33 - Blocked Shots : 8 - Penalty Minutes : 0
Vancouver Canucks - Hits : 14 - Faceoff Wins : 28 - Blocked Shots : 9 - Penalty Minutes : 10
Official
Referees : Jake Brenk and Carter Sandlak
Linesman : Dan Kelly and Tommy Hughes
Game Notes
No Game Note
Finance
Level 1 -- Attendance: 4858 (80.97%) -- Ticket Income $480,942
Level 2 -- Attendance: 3985 (79.70%) -- Ticket Income $235,115
Level 3 -- Attendance: 2258 (75.27%) -- Ticket Income $76,772
Level 4 -- Attendance: 3469 (69.38%) -- Ticket Income $83,256
Luxury Box -- Attendance: 749 (74.90%) -- Ticket Income $149,051
Game was played at the Rogers Arena.
Total Attendance: 15319 (76.60%)
Total Ticket Income: $1,025,136
Other Income: $358,798
Total Income: $1,383,934
Winnipeg Jets
5 vs 5 Forward
Center Left Wing Right Wing Time % Phy DF OF
1 Connor McDavid Alexis Lafreniere Vladislav Namestnikov 30 1 2 2
2 Connor Bedard Joel Armia Mason Appleton 30 1 2 2
3 Adam Lowry Barclay Goodrow Jason Zucker 25 1 2 2
4 Ridly Greig Taylor Hall Andre Burakovsky 15 1 2 2
5 vs 5 Defense
Defense Defense Time % Phy DF OF
1 Oliver Ekman-Larsson Nate Schmidt 35 1 2 2
2 Dylan Samberg Olli Maatta 35 1 2 2
3 Haydn Fleury Michael Kesselring 30 1 2 2
4 Oliver Ekman-Larsson Nate Schmidt 0 1 2 2
PowerPlay Forward
Center Left Wing Right Wing Time % Phy DF OF
1 Connor McDavid Alexis Lafreniere Vladislav Namestnikov 50 1 2 2
2 Connor Bedard Joel Armia Mason Appleton 50 1 2 2
PowerPlay Defense
Defense Defense Time % Phy DF OF
1 Oliver Ekman-Larsson Nate Schmidt 50 1 2 2
2 Dylan Samberg Olli Maatta 50 1 2 2
Penalty Kill 4 Players Forward
Center Wing Time % Phy DF OF
1 Connor McDavid Connor Bedard 50 1 2 2
2 Alexis Lafreniere Adam Lowry 50 1 2 2
Penalty Kill 4 Players Defense
Defense Defense Time % Phy DF OF
1 Oliver Ekman-Larsson Nate Schmidt 50 1 2 2
2 Dylan Samberg Olli Maatta 50 1 2 2
Penalty Kill - 3 Players Forward
Forward Time % Phy DF OF
1 Connor McDavid 50 1 2 2
2 Connor Bedard 50 1 2 2
Penalty Kill - 3 Players Defense
Defense Defense Time % Phy DF OF
1 Oliver Ekman-Larsson Nate Schmidt 50 1 2 2
2 Dylan Samberg Olli Maatta 50 1 2 2
4 vs 4 Forward
Center Wing Time % Phy DF OF
1 Connor McDavid Connor Bedard 50 1 2 2
2 Alexis Lafreniere Adam Lowry 50 1 2 2
4 vs 4 Defense
Defense Defense Time % Phy DF OF
1 Oliver Ekman-Larsson Nate Schmidt 50 1 2 2
2 Dylan Samberg Olli Maatta 50 1 2 2
Last Minutes Offensive
Center Left Wing Right Wing Defense Defense
Connor McDavid Alexis Lafreniere Vladislav Namestnikov Oliver Ekman-Larsson Nate Schmidt
Last Minutes Defensive
Center Left Wing Right Wing Defense Defense
Connor McDavid Alexis Lafreniere Vladislav Namestnikov Oliver Ekman-Larsson Nate Schmidt
Goaltenders
Starting : Ukko-Pekka Luukkonen
Backup : Yaroslav Askarov
Extra Forwards
Normal : Connor McDavid, Barclay Goodrow, Jason Zucker - PP : Connor McDavid, Barclay Goodrow - PK : Jason Zucker
Extra Defensemen
Normal : Haydn Fleury, Michael Kesselring, Dylan Samberg - PP : Haydn Fleury - PK : Michael Kesselring, Dylan Samberg
Penalty Shots
Connor McDavid, Connor Bedard, Alexis Lafreniere, Adam Lowry, Vladislav Namestnikov
Scratches
Sam Steel (Healthy), Brayden Pachal (Healthy), Martin Jones (Healthy)
Vancouver Canucks
5 vs 5 Forward
Center Left Wing Right Wing Time % Phy DF OF
1 Aku Raty Clayton Keller Mikko Rantanen 40 1 1 3
2 Jesperi Kotkaniemi Connor Zary Artturi Lehkonen 30 1 2 2
3 Casey Mittelstadt Robby Fabbri Ty Dellandrea 20 1 2 2
4 Anton Lundell Matias Maccelli Brett Leason 10 1 3 1
5 vs 5 Defense
Defense Defense Time % Phy DF OF
1 Noah Hanifin Miro Heiskanen 30 1 2 2
2 Ryan McDonagh Emil Martinsen Lilleberg 30 1 2 2
3 Chad Ruhwedel Jacob Bernard-Docker 25 1 2 2
4 Noah Hanifin Miro Heiskanen 15 1 2 2
PowerPlay Forward
Center Left Wing Right Wing Time % Phy DF OF
1 Mikko Rantanen Clayton Keller Artturi Lehkonen 50 0 1 4
2 Brett Leason Connor Zary Robby Fabbri 50 0 1 4
PowerPlay Defense
Defense Defense Time % Phy DF OF
1 Ryan McDonagh Miro Heiskanen 50 0 1 4
2 Noah Hanifin Anton Lundell 50 0 1 4
Penalty Kill 4 Players Forward
Center Wing Time % Phy DF OF
1 Mikko Rantanen Brett Leason 50 1 2 2
2 Artturi Lehkonen Ty Dellandrea 50 1 2 2
Penalty Kill 4 Players Defense
Defense Defense Time % Phy DF OF
1 Ryan McDonagh Noah Hanifin 50 1 2 2
2 Miro Heiskanen Chad Ruhwedel 50 1 2 2
Penalty Kill - 3 Players Forward
Forward Time % Phy DF OF
1 Brett Leason 50 1 2 2
2 Clayton Keller 50 1 2 2
Penalty Kill - 3 Players Defense
Defense Defense Time % Phy DF OF
1 Ryan McDonagh Noah Hanifin 50 1 2 2
2 Miro Heiskanen Chad Ruhwedel 50 1 2 2
4 vs 4 Forward
Center Wing Time % Phy DF OF
1 Mikko Rantanen Clayton Keller 50 1 2 2
2 Brett Leason Matias Maccelli 50 1 2 2
4 vs 4 Defense
Defense Defense Time % Phy DF OF
1 Noah Hanifin Miro Heiskanen 50 1 2 2
2 Ryan McDonagh Emil Martinsen Lilleberg 50 1 2 2
Last Minutes Offensive
Center Left Wing Right Wing Defense Defense
Aku Raty Clayton Keller Mikko Rantanen Ryan McDonagh Miro Heiskanen
Last Minutes Defensive
Center Left Wing Right Wing Defense Defense
Aku Raty Artturi Lehkonen Brett Leason Noah Hanifin Miro Heiskanen
Goaltenders
Starting : Justus Annunen
Backup : Ville Husso
Extra Forwards
Normal : Brett Leason, Mikko Rantanen, Clayton Keller - PP : Clayton Keller, Mikko Rantanen - PK : Mikko Rantanen
Extra Defensemen
Normal : Noah Hanifin, Miro Heiskanen, Ryan McDonagh - PP : Noah Hanifin - PK : Noah Hanifin, Miro Heiskanen
Penalty Shots
Artturi Lehkonen, Mikko Rantanen, Clayton Keller, Brett Leason, Miro Heiskanen
Scratches
Adam Boqvist (Healthy), Aleksander Barkov (Sore Left Knee Injury), Jacob Bryson (Healthy), Joonas Korpisalo (Healthy)
% Time on Ice - Winnipeg Jets
Lines # - Real PCT - Wanted PCT - Time Play
Normal Forward
1 - 27% - 30% - 13:46
2 - 37% - 30% - 18:55
3 - 22% - 25% - 11:18
4 - 14% - 15% - 7:22
Normal Defense
1 - 33% - 35% - 17:10
2 - 34% - 35% - 17:30
3 - 32% - 30% - 16:41
4 - 0% - 0% - 0:00
PP Forward
1 - 58% - 50% - 4:25
2 - 42% - 50% - 3:11
PP Defense
1 - 57% - 50% - 4:19
2 - 43% - 50% - 3:17
PK Forward
1 - 0% - 50%
2 - 0% - 50%
PK Defense
1 - 0% - 50%
2 - 0% - 50%
PK3 Forward
1 - 0% - 50%
2 - 0% - 50%
PK3 Defense
1 - 0% - 50%
2 - 0% - 50%
44 Forward
1 - 0% - 50%
2 - 0% - 50%
44 Defense
1 - 0% - 50%
2 - 0% - 50%
Last Minute Offensive - 0:00
Last Minute Defensive - 1:03
Total
Forward - 60:00
Defense - 60:00
|
% Time on Ice - Vancouver Canucks
Lines # - Real PCT - Wanted PCT - Time Play
Normal Forward
1 - 33% - 40% - 17:10
2 - 34% - 30% - 17:33
3 - 19% - 20% - 9:36
4 - 14% - 10% - 7:06
Normal Defense
1 - 29% - 30% - 15:06
2 - 31% - 30% - 16:00
3 - 27% - 25% - 13:41
4 - 13% - 15% - 6:38
PP Forward
1 - 0% - 50%
2 - 0% - 50%
PP Defense
1 - 0% - 50%
2 - 0% - 50%
PK Forward
1 - 48% - 50% - 3:39
2 - 52% - 50% - 3:57
PK Defense
1 - 52% - 50% - 3:58
2 - 48% - 50% - 3:38
PK3 Forward
1 - 0% - 50%
2 - 0% - 50%
PK3 Defense
1 - 0% - 50%
2 - 0% - 50%
44 Forward
1 - 0% - 50%
2 - 0% - 50%
44 Defense
1 - 0% - 50%
2 - 0% - 50%
Last Minute Offensive - 0:59
Last Minute Defensive - 0:00
Total
Forward - 60:00
Defense - 60:00
|
Play-by-Play
1st period
0:01 of 1st period - Connor McDavid wins face-off versus Aku Raty in neutral zone.
0:14 of 1st period - Snap shot by Connor McDavid.
0:14 of 1st period - Shot Misses the Net.
0:32 of 1st period - Wrist shot by Artturi Lehkonen.
0:32 of 1st period - Deflect By Connor Zary.
0:32 of 1st period - Stopped by Ukko-Pekka Luukkonen with a rebound.
0:34 of 1st period - Wrist shot by Connor Zary.
0:34 of 1st period - Shot Misses the Net.
0:36 of 1st period - Slapshot by Noah Hanifin.
0:36 of 1st period - Deflect By Joel Armia.
0:36 of 1st period - Stopped by Ukko-Pekka Luukkonen without a rebound.
0:37 of 1st period - Adam Lowry wins face-off versus Casey Mittelstadt in Winnipeg Jets zone.
1:02 of 1st period - Taylor Hall is hit by Emil Martinsen Lilleberg.
1:23 of 1st period - Off-side.
1:24 of 1st period - Jesperi Kotkaniemi wins face-off versus Connor Bedard in neutral zone.
1:27 of 1st period - Snap shot by Connor Bedard.
1:27 of 1st period - Shot Misses the Net.
1:49 of 1st period - Mikko Rantanen is hit by Vladislav Namestnikov and loses puck.
2:33 of 1st period - Snap shot by Matias Maccelli.
2:33 of 1st period - Stopped by Ukko-Pekka Luukkonen without a rebound.
2:34 of 1st period - Brett Leason wins face-off versus Ridly Greig in Winnipeg Jets zone.
2:55 of 1st period - Snap shot by Andre Burakovsky.
2:55 of 1st period - Shot Misses the Net.
3:10 of 1st period - Snap shot by Clayton Keller.
3:10 of 1st period - Deflect By Mikko Rantanen.
3:10 of 1st period - Shot Blocked by Nate Schmidt.
3:10 of 1st period - Puck is out of play.
3:11 of 1st period - Connor McDavid wins face-off versus Jesperi Kotkaniemi in Winnipeg Jets zone.
3:36 of 1st period - Mason Appleton is hit by Mikko Rantanen and loses puck.
4:03 of 1st period - Adam Lowry is hit by Casey Mittelstadt and loses puck.
5:02 of 1st period - Wrist shot by Clayton Keller.
5:02 of 1st period - Stopped by Ukko-Pekka Luukkonen with a rebound.
5:04 of 1st period - Wrist shot by Aku Raty.
5:04 of 1st period - Shot Blocked by Alexis Lafreniere.
5:26 of 1st period - Wrist shot by Robby Fabbri.
5:26 of 1st period - Stopped by Ukko-Pekka Luukkonen with a rebound.
5:35 of 1st period - Minor Penalty to Robby Fabbri for Tripping.
5:36 of 1st period - Mikko Rantanen wins face-off versus Connor Bedard in Vancouver Canucks zone.
5:43 of 1st period - Off-side.
5:44 of 1st period - Joel Armia wins face-off versus Ty Dellandrea in neutral zone.
6:09 of 1st period - Snap shot by Artturi Lehkonen.
6:09 of 1st period - Stopped by Ukko-Pekka Luukkonen without a rebound.
6:10 of 1st period - Connor McDavid wins face-off versus Mikko Rantanen in Winnipeg Jets zone.
6:17 of 1st period - Snap shot by Alexis Lafreniere.
6:17 of 1st period - Stopped by Justus Annunen without a rebound.
6:18 of 1st period - Mikko Rantanen wins face-off versus Connor McDavid in Vancouver Canucks zone.
6:18 of 1st period - Mikko Rantanen is hit by Alexis Lafreniere.
6:34 of 1st period - Alexis Lafreniere is hit by Miro Heiskanen and loses puck.
6:51 of 1st period - Wrist shot by Connor Bedard.
6:51 of 1st period - Stopped by Justus Annunen without a rebound.
6:52 of 1st period - Mikko Rantanen wins face-off versus Mason Appleton in Vancouver Canucks zone.
7:03 of 1st period - Slapshot by Connor Bedard.
7:03 of 1st period - Goal by Connor Bedard - Winnipeg Jets : 1 - Vancouver Canucks : 0.
7:04 of 1st period - Mikko Rantanen wins face-off versus Adam Lowry in neutral zone.
7:14 of 1st period - Slapshot by Jason Zucker.
7:14 of 1st period - Deflect By Adam Lowry.
7:14 of 1st period - Stopped by Justus Annunen without a rebound.
7:15 of 1st period - Connor Bedard wins face-off versus Aku Raty in Vancouver Canucks zone.
7:24 of 1st period - Wrist shot by Connor Bedard.
7:24 of 1st period - Stopped by Justus Annunen without a rebound.
7:25 of 1st period - Aku Raty wins face-off versus Connor Bedard in Vancouver Canucks zone.
7:25 of 1st period - Aku Raty is hit by Joel Armia.
7:45 of 1st period - Snap shot by Mikko Rantanen.
7:45 of 1st period - Stopped by Ukko-Pekka Luukkonen without a rebound.
7:46 of 1st period - Adam Lowry wins face-off versus Artturi Lehkonen in Winnipeg Jets zone.
9:00 of 1st period - Snap shot by Connor Zary.
9:00 of 1st period - Stopped by Ukko-Pekka Luukkonen with a rebound.
9:30 of 1st period - Wrist shot by Clayton Keller.
9:30 of 1st period - Stopped by Ukko-Pekka Luukkonen without a rebound.
9:31 of 1st period - Connor McDavid wins face-off versus Clayton Keller in Winnipeg Jets zone.
10:01 of 1st period - Icing by Joel Armia.
10:02 of 1st period - Jesperi Kotkaniemi wins face-off versus Connor Bedard in Winnipeg Jets zone.
10:05 of 1st period - Snap shot by Connor Zary.
10:05 of 1st period - Stopped by Ukko-Pekka Luukkonen with a rebound.
10:19 of 1st period - Emil Martinsen Lilleberg is hit by Connor Bedard and loses puck.
10:42 of 1st period - Wrist shot by Jason Zucker.
10:42 of 1st period - Shot Blocked by Ryan McDonagh.
11:51 of 1st period - Off-side.
11:52 of 1st period - Connor Bedard wins face-off versus Aku Raty in neutral zone.
11:57 of 1st period - Snap shot by Mikko Rantanen.
11:57 of 1st period - Stopped by Ukko-Pekka Luukkonen without a rebound.
11:58 of 1st period - Connor McDavid wins face-off versus Aku Raty in Winnipeg Jets zone.
12:30 of 1st period - Off-side.
12:31 of 1st period - Jason Zucker wins face-off versus Casey Mittelstadt in neutral zone.
12:40 of 1st period - Snap shot by Barclay Goodrow.
12:40 of 1st period - Shot Misses the Net.
12:42 of 1st period - Snap shot by Adam Lowry.
12:42 of 1st period - Goal by Adam Lowry - Winnipeg Jets : 2 - Vancouver Canucks : 0.
12:43 of 1st period - Jesperi Kotkaniemi wins face-off versus Connor Bedard in neutral zone.
12:46 of 1st period - Snap shot by Artturi Lehkonen.
12:46 of 1st period - Deflect By Connor Bedard.
12:46 of 1st period - Shot Misses the Net.
12:46 of 1st period - Puck is out of play.
12:47 of 1st period - Connor Bedard wins face-off versus Connor Zary in Winnipeg Jets zone.
12:52 of 1st period - Snap shot by Mason Appleton.
12:52 of 1st period - Stopped by Justus Annunen without a rebound.
12:53 of 1st period - Jesperi Kotkaniemi wins face-off versus Connor Bedard in Vancouver Canucks zone.
12:53 of 1st period - Jesperi Kotkaniemi is hit by Nate Schmidt.
13:11 of 1st period - Connor Zary is hit by Joel Armia and loses puck.
13:18 of 1st period - Snap shot by Noah Hanifin.
13:18 of 1st period - Deflect By Joel Armia.
13:18 of 1st period - Stopped by Ukko-Pekka Luukkonen with a rebound.
13:44 of 1st period - Off-side.
13:45 of 1st period - Connor McDavid wins face-off versus Aku Raty in neutral zone.
14:07 of 1st period - Icing by Chad Ruhwedel.
14:08 of 1st period - Aku Raty wins face-off versus Adam Lowry in Vancouver Canucks zone.
14:10 of 1st period - Icing by Clayton Keller.
14:11 of 1st period - Adam Lowry wins face-off versus Casey Mittelstadt in Vancouver Canucks zone.
14:20 of 1st period - Wrist shot by Casey Mittelstadt.
14:20 of 1st period - Shot Blocked by Haydn Fleury.
14:22 of 1st period - Slapshot by Chad Ruhwedel.
14:22 of 1st period - Deflect By Jason Zucker.
14:22 of 1st period - Stopped by Ukko-Pekka Luukkonen with a rebound.
14:24 of 1st period - Slapshot by Chad Ruhwedel.
14:24 of 1st period - Shot Misses the Net.
14:52 of 1st period - Minor Penalty to Mikko Rantanen for Delaying the game.
14:53 of 1st period - Casey Mittelstadt wins face-off versus Vladislav Namestnikov in Vancouver Canucks zone.
15:46 of 1st period - Snap shot by Connor McDavid.
15:46 of 1st period - Deflect By Noah Hanifin.
15:46 of 1st period - Shot Blocked by Ryan McDonagh.
15:46 of 1st period - Puck is out of play.
15:47 of 1st period - Connor Bedard wins face-off versus Casey Mittelstadt in Vancouver Canucks zone.
15:50 of 1st period - Snap shot by Connor Bedard.
15:50 of 1st period - Shot Blocked by Miro Heiskanen.
15:52 of 1st period - Slapshot by Connor Bedard.
15:52 of 1st period - Shot Blocked by Casey Mittelstadt.
15:54 of 1st period - Slapshot by Nate Schmidt.
15:54 of 1st period - Shot Misses the Net.
16:16 of 1st period - Artturi Lehkonen is hit by Connor Bedard.
16:20 of 1st period - Slapshot by Miro Heiskanen.
16:20 of 1st period - Shot Blocked by Alexis Lafreniere.
16:52 of 1st period - Penalty to Mikko Rantanen is over, Mikko Rantanen is back on ice.
17:04 of 1st period - Snap shot by Olli Maatta.
17:04 of 1st period - Stopped by Justus Annunen with a rebound.
17:06 of 1st period - Slapshot by Adam Lowry.
17:06 of 1st period - Shot Misses the Net.
17:08 of 1st period - Snap shot by Adam Lowry.
17:08 of 1st period - Shot Misses the Net.
17:51 of 1st period - Off-side.
17:52 of 1st period - Ridly Greig wins face-off versus Casey Mittelstadt in neutral zone.
18:15 of 1st period - Aku Raty is hit by Alexis Lafreniere.
18:37 of 1st period - Snap shot by Miro Heiskanen.
18:37 of 1st period - Stopped by Ukko-Pekka Luukkonen with a rebound.
18:43 of 1st period - Wrist shot by Artturi Lehkonen.
18:43 of 1st period - Stopped by Ukko-Pekka Luukkonen with a rebound.
19:15 of 1st period - Robby Fabbri is hit by Ridly Greig.
19:21 of 1st period - Slapshot by Casey Mittelstadt.
19:21 of 1st period - Shot Misses the Net.
19:43 of 1st period - Off-side.
19:44 of 1st period - Aku Raty wins face-off versus Connor Bedard in neutral zone.
Goals for this period are 2 for Winnipeg Jets vs 0 for Vancouver Canucks.
Shots for this period are 8 for Winnipeg Jets vs 15 for Vancouver Canucks.
2nd period
0:01 of 2nd period - Alexis Lafreniere wins face-off versus Aku Raty in neutral zone.
0:15 of 2nd period - Snap shot by Mikko Rantanen.
0:15 of 2nd period - Shot Misses the Net.
0:32 of 2nd period - Joel Armia is hit by Miro Heiskanen and loses puck.
0:53 of 2nd period - Slapshot by Jason Zucker.
0:53 of 2nd period - Shot Misses the Net.
1:07 of 2nd period - Brett Leason is hit by Ridly Greig and loses puck.
1:43 of 2nd period - Minor Penalty to Aku Raty for Holding Stick.
1:44 of 2nd period - Mikko Rantanen wins face-off versus Mason Appleton in Vancouver Canucks zone.
2:18 of 2nd period - Oliver Ekman-Larsson is hit by Chad Ruhwedel.
3:43 of 2nd period - Penalty to Aku Raty is over, Aku Raty is back on ice.
3:50 of 2nd period - Wrist shot by Adam Lowry.
3:50 of 2nd period - Stopped by Justus Annunen without a rebound.
3:51 of 2nd period - Aku Raty wins face-off versus Adam Lowry in Vancouver Canucks zone.
4:03 of 2nd period - Off-side.
4:04 of 2nd period - Jesperi Kotkaniemi wins face-off versus Adam Lowry in neutral zone.
4:38 of 2nd period - Snap shot by Casey Mittelstadt.
4:38 of 2nd period - Stopped by Ukko-Pekka Luukkonen with a rebound.
4:54 of 2nd period - Wrist shot by Mikko Rantanen.
4:54 of 2nd period - Shot Misses the Net.
5:09 of 2nd period - Icing by Michael Kesselring.
5:10 of 2nd period - Anton Lundell wins face-off versus Connor Bedard in Winnipeg Jets zone.
5:17 of 2nd period - Snap shot by Connor Zary.
5:17 of 2nd period - Goal by Connor Zary - Winnipeg Jets : 2 - Vancouver Canucks : 1.
5:18 of 2nd period - Connor McDavid wins face-off versus Aku Raty in neutral zone.
5:45 of 2nd period - Wrist shot by Casey Mittelstadt.
5:45 of 2nd period - Stopped by Ukko-Pekka Luukkonen with a rebound.
5:51 of 2nd period - Wrist shot by Casey Mittelstadt.
5:51 of 2nd period - Shot Misses the Net.
5:53 of 2nd period - Snap shot by Casey Mittelstadt.
5:53 of 2nd period - Stopped by Ukko-Pekka Luukkonen with a rebound.
5:55 of 2nd period - Snap shot by Casey Mittelstadt.
5:55 of 2nd period - Deflect By Robby Fabbri.
5:55 of 2nd period - Stopped by Ukko-Pekka Luukkonen with a rebound.
5:57 of 2nd period - Snap shot by Casey Mittelstadt.
5:57 of 2nd period - Stopped by Ukko-Pekka Luukkonen with a rebound.
6:33 of 2nd period - Wrist shot by Jason Zucker.
6:33 of 2nd period - Deflect By Chad Ruhwedel.
6:33 of 2nd period - Shot Misses the Net.
6:33 of 2nd period - Puck is out of play.
6:34 of 2nd period - Adam Lowry wins face-off versus Aku Raty in Vancouver Canucks zone.
6:43 of 2nd period - Slapshot by Noah Hanifin.
6:43 of 2nd period - Shot Misses the Net.
6:45 of 2nd period - Wrist shot by Aku Raty.
6:45 of 2nd period - Goal by Aku Raty - Winnipeg Jets : 2 - Vancouver Canucks : 2.
6:46 of 2nd period - Connor Bedard wins face-off versus Aku Raty in neutral zone.
6:49 of 2nd period - Mikko Rantanen is hit by Connor Bedard and loses puck.
7:12 of 2nd period - Alexis Lafreniere is hit by Miro Heiskanen and loses puck.
7:28 of 2nd period - Icing by Noah Hanifin.
7:29 of 2nd period - Jesperi Kotkaniemi wins face-off versus Adam Lowry in Vancouver Canucks zone.
7:29 of 2nd period - Jesperi Kotkaniemi is hit by Barclay Goodrow.
7:42 of 2nd period - Off-side.
7:43 of 2nd period - Jesperi Kotkaniemi wins face-off versus Connor Bedard in neutral zone.
8:18 of 2nd period - Off-side.
8:19 of 2nd period - Connor Bedard wins face-off versus Jesperi Kotkaniemi in neutral zone.
8:24 of 2nd period - Jacob Bernard-Docker is hit by Joel Armia and loses puck.
8:29 of 2nd period - Snap shot by Connor Bedard.
8:29 of 2nd period - Shot Blocked by Chad Ruhwedel.
8:31 of 2nd period - Slapshot by Connor Bedard.
8:31 of 2nd period - Shot Misses the Net.
8:33 of 2nd period - Wrist shot by Olli Maatta.
8:33 of 2nd period - Stopped by Justus Annunen with a rebound.
8:35 of 2nd period - Wrist shot by Joel Armia.
8:35 of 2nd period - Stopped by Justus Annunen without a rebound.
8:36 of 2nd period - Connor McDavid wins face-off versus Aku Raty in Vancouver Canucks zone.
9:31 of 2nd period - Wrist shot by Artturi Lehkonen.
9:31 of 2nd period - Stopped by Ukko-Pekka Luukkonen without a rebound.
9:32 of 2nd period - Connor Bedard wins face-off versus Clayton Keller in Winnipeg Jets zone.
9:47 of 2nd period - Snap shot by Mason Appleton.
9:47 of 2nd period - Shot Blocked by Ryan McDonagh.
9:53 of 2nd period - Wrist shot by Connor Bedard.
9:53 of 2nd period - Shot Misses the Net.
10:03 of 2nd period - Snap shot by Joel Armia.
10:03 of 2nd period - Goal by Joel Armia - Winnipeg Jets : 3 - Vancouver Canucks : 2.
10:04 of 2nd period - Adam Lowry wins face-off versus Jesperi Kotkaniemi in neutral zone.
11:19 of 2nd period - Jacob Bernard-Docker is hit by Dylan Samberg and loses puck.
11:41 of 2nd period - Snap shot by Jesperi Kotkaniemi.
11:41 of 2nd period - Stopped by Ukko-Pekka Luukkonen without a rebound.
11:42 of 2nd period - Connor McDavid wins face-off versus Jesperi Kotkaniemi in Winnipeg Jets zone.
12:34 of 2nd period - Snap shot by Robby Fabbri.
12:34 of 2nd period - Deflect By Casey Mittelstadt.
12:34 of 2nd period - Stopped by Ukko-Pekka Luukkonen with a rebound.
12:56 of 2nd period - Wrist shot by Anton Lundell.
12:56 of 2nd period - Stopped by Ukko-Pekka Luukkonen without a rebound.
12:57 of 2nd period - Connor McDavid wins face-off versus Aku Raty in Winnipeg Jets zone.
13:49 of 2nd period - Snap shot by Joel Armia.
13:49 of 2nd period - Shot Blocked by Noah Hanifin.
14:39 of 2nd period - Snap shot by Clayton Keller.
14:39 of 2nd period - Deflect By Aku Raty.
14:39 of 2nd period - Stopped by Ukko-Pekka Luukkonen without a rebound.
14:40 of 2nd period - Adam Lowry wins face-off versus Aku Raty in Winnipeg Jets zone.
14:51 of 2nd period - Wrist shot by Adam Lowry.
14:51 of 2nd period - Shot Misses the Net.
15:14 of 2nd period - Snap shot by Connor Zary.
15:14 of 2nd period - Shot Misses the Net.
15:16 of 2nd period - Snap shot by Artturi Lehkonen.
15:16 of 2nd period - Shot Misses the Net.
15:28 of 2nd period - Slapshot by Dylan Samberg.
15:28 of 2nd period - Shot Misses the Net.
15:30 of 2nd period - Slapshot by Olli Maatta.
15:30 of 2nd period - Stopped by Justus Annunen without a rebound.
15:31 of 2nd period - Connor McDavid wins face-off versus Aku Raty in Vancouver Canucks zone.
15:40 of 2nd period - Wrist shot by Connor McDavid.
15:40 of 2nd period - Stopped by Justus Annunen with a rebound.
15:48 of 2nd period - Slapshot by Connor McDavid.
15:48 of 2nd period - Stopped by Justus Annunen with a rebound.
15:55 of 2nd period - Minor Penalty to Clayton Keller for Delaying the game.
15:56 of 2nd period - Mikko Rantanen wins face-off versus Connor Bedard in Vancouver Canucks zone.
16:26 of 2nd period - Slapshot by Alexis Lafreniere.
16:26 of 2nd period - Stopped by Justus Annunen without a rebound.
16:27 of 2nd period - Mikko Rantanen wins face-off versus Connor McDavid in Vancouver Canucks zone.
17:55 of 2nd period - Penalty to Clayton Keller is over, Clayton Keller is back on ice.
17:58 of 2nd period - Slapshot by Connor McDavid.
17:58 of 2nd period - Shot Misses the Net.
18:00 of 2nd period - Slapshot by Oliver Ekman-Larsson.
18:00 of 2nd period - Stopped by Justus Annunen without a rebound.
18:01 of 2nd period - Aku Raty wins face-off versus Connor Bedard in Vancouver Canucks zone.
18:26 of 2nd period - Jason Zucker is hit by Connor Zary and loses puck.
19:10 of 2nd period - Mason Appleton is hit by Robby Fabbri and loses puck.
19:27 of 2nd period - Snap shot by Barclay Goodrow.
19:27 of 2nd period - Stopped by Justus Annunen with a rebound.
19:43 of 2nd period - Connor Zary is hit by Ridly Greig.
Goals for this period are 1 for Winnipeg Jets vs 2 for Vancouver Canucks.
Shots for this period are 10 for Winnipeg Jets vs 12 for Vancouver Canucks.
3rd period
0:01 of 3rd period - Connor McDavid wins face-off versus Aku Raty in neutral zone.
0:14 of 3rd period - Wrist shot by Vladislav Namestnikov.
0:14 of 3rd period - Shot Misses the Net.
0:16 of 3rd period - Wrist shot by Connor McDavid.
0:16 of 3rd period - Stopped by Justus Annunen with a rebound.
0:26 of 3rd period - Adam Lowry is hit by Jesperi Kotkaniemi and loses puck.
0:31 of 3rd period - Snap shot by Artturi Lehkonen.
0:31 of 3rd period - Shot Blocked by Oliver Ekman-Larsson.
0:39 of 3rd period - Nate Schmidt is hit by Artturi Lehkonen and loses puck.
0:52 of 3rd period - Olli Maatta is hit by Emil Martinsen Lilleberg and loses puck.
2:42 of 3rd period - Noah Hanifin is hit by Andre Burakovsky and loses puck.
3:52 of 3rd period - Wrist shot by Casey Mittelstadt.
3:52 of 3rd period - Stopped by Ukko-Pekka Luukkonen with a rebound.
4:06 of 3rd period - Andre Burakovsky is hit by Anton Lundell and loses puck.
4:19 of 3rd period - Wrist shot by Anton Lundell.
4:19 of 3rd period - Stopped by Ukko-Pekka Luukkonen with a rebound.
4:51 of 3rd period - Slapshot by Mason Appleton.
4:51 of 3rd period - Stopped by Justus Annunen without a rebound.
4:52 of 3rd period - Jesperi Kotkaniemi wins face-off versus Joel Armia in Vancouver Canucks zone.
6:02 of 3rd period - Snap shot by Barclay Goodrow.
6:02 of 3rd period - Stopped by Justus Annunen without a rebound.
6:03 of 3rd period - Anton Lundell wins face-off versus Ridly Greig in Vancouver Canucks zone.
6:28 of 3rd period - Ryan McDonagh is hit by Connor McDavid and loses puck.
6:55 of 3rd period - Snap shot by Connor Bedard.
6:55 of 3rd period - Shot Misses the Net.
6:57 of 3rd period - Slapshot by Oliver Ekman-Larsson.
6:57 of 3rd period - Stopped by Justus Annunen without a rebound.
6:58 of 3rd period - Casey Mittelstadt wins face-off versus Mason Appleton in Vancouver Canucks zone.
7:13 of 3rd period - Snap shot by Casey Mittelstadt.
7:13 of 3rd period - Shot Hit the Post.
7:28 of 3rd period - Snap shot by Artturi Lehkonen.
7:28 of 3rd period - Shot Blocked by Joel Armia.
7:54 of 3rd period - Slapshot by Miro Heiskanen.
7:54 of 3rd period - Shot Blocked by Nate Schmidt.
7:56 of 3rd period - Snap shot by Connor Zary.
7:56 of 3rd period - Stopped by Ukko-Pekka Luukkonen with a rebound.
8:02 of 3rd period - Slapshot by Artturi Lehkonen.
8:02 of 3rd period - Shot Misses the Net.
8:25 of 3rd period - Wrist shot by Connor Zary.
8:25 of 3rd period - Stopped by Ukko-Pekka Luukkonen with a rebound.
8:27 of 3rd period - Snap shot by Connor Zary.
8:27 of 3rd period - Shot Misses the Net.
8:36 of 3rd period - Wrist shot by Connor Bedard.
8:36 of 3rd period - Shot Misses the Net.
9:24 of 3rd period - Jesperi Kotkaniemi is hit by Connor Bedard and loses puck.
10:23 of 3rd period - Backhand shot by Miro Heiskanen.
10:23 of 3rd period - Stopped by Ukko-Pekka Luukkonen with a rebound.
10:25 of 3rd period - Slapshot by Miro Heiskanen.
10:25 of 3rd period - Shot Blocked by Nate Schmidt.
10:27 of 3rd period - Snap shot by Noah Hanifin.
10:27 of 3rd period - Stopped by Ukko-Pekka Luukkonen without a rebound.
10:28 of 3rd period - Connor McDavid wins face-off versus Aku Raty in Winnipeg Jets zone.
10:49 of 3rd period - Dylan Samberg is hit by Emil Martinsen Lilleberg and loses puck.
10:58 of 3rd period - Snap shot by Clayton Keller.
10:58 of 3rd period - Stopped by Ukko-Pekka Luukkonen with a rebound.
11:16 of 3rd period - Wrist shot by Ridly Greig.
11:16 of 3rd period - Shot Blocked by Ryan McDonagh.
11:50 of 3rd period - Snap shot by Mikko Rantanen.
11:50 of 3rd period - Stopped by Ukko-Pekka Luukkonen without a rebound.
11:51 of 3rd period - Connor McDavid wins face-off versus Casey Mittelstadt in Winnipeg Jets zone.
12:25 of 3rd period - Wrist shot by Alexis Lafreniere.
12:25 of 3rd period - Stopped by Justus Annunen with a rebound.
13:13 of 3rd period - Icing by Robby Fabbri.
13:14 of 3rd period - Casey Mittelstadt wins face-off versus Jason Zucker in Vancouver Canucks zone.
13:22 of 3rd period - Off-side.
13:23 of 3rd period - Adam Lowry wins face-off versus Anton Lundell in neutral zone.
13:26 of 3rd period - Brett Leason is hit by Barclay Goodrow and loses puck.
14:01 of 3rd period - Snap shot by Barclay Goodrow.
14:01 of 3rd period - Stopped by Justus Annunen with a rebound.
14:09 of 3rd period - Wrist shot by Jason Zucker.
14:09 of 3rd period - Shot Misses the Net.
14:11 of 3rd period - Snap shot by Jason Zucker.
14:11 of 3rd period - Stopped by Justus Annunen with a rebound.
14:21 of 3rd period - Snap shot by Adam Lowry.
14:21 of 3rd period - Shot Misses the Net.
14:23 of 3rd period - Slapshot by Haydn Fleury.
14:23 of 3rd period - Stopped by Justus Annunen without a rebound.
14:24 of 3rd period - Ridly Greig wins face-off versus Aku Raty in Vancouver Canucks zone.
14:25 of 3rd period - Wrist shot by Andre Burakovsky.
14:25 of 3rd period - Shot Misses the Net.
14:51 of 3rd period - Miro Heiskanen is hit by Dylan Samberg and loses puck.
17:57 of 3rd period - Miro Heiskanen is hit by Connor McDavid and loses puck.
19:04 of 3rd period - Snap shot by Adam Lowry.
19:04 of 3rd period - Stopped by Justus Annunen without a rebound.
19:05 of 3rd period - Jeremy Colliton call a timeout for Vancouver Canucks.
19:05 of 3rd period - Aku Raty wins face-off versus Adam Lowry in Vancouver Canucks zone.
19:10 of 3rd period - Vancouver Canucks, Justus Annunen is pulled from the net.
19:24 of 3rd period - Snap shot by Vladislav Namestnikov.
19:24 of 3rd period - Shot Blocked by Miro Heiskanen.
19:34 of 3rd period - Anton Lundell is hit by Oliver Ekman-Larsson and loses puck.
19:48 of 3rd period - Minor Penalty to Mikko Rantanen for Interference.
19:49 of 3rd period - Justus Annunen from Vancouver Canucks was sent back in the game.
19:49 of 3rd period - Artturi Lehkonen wins face-off versus Connor Bedard in Vancouver Canucks zone.
Goals for this period are 0 for Winnipeg Jets vs 0 for Vancouver Canucks.
Shots for this period are 9 for Winnipeg Jets vs 8 for Vancouver Canucks.
Back to the Top